[Event "5th Schach960-Festival 2024"]
[Site "Berlin"]
[Date "2024.02.10"]
[Round "3.2"]
[White "Chatalbashev, Boris"]
[Black "Fedorchuk, Sergey A."]
[Result "0-1"]
[WhiteElo "2457"]
[BlackElo "2550"]
[Annotator "TA"]
[PlyCount "15"]
[EventDate "2024.02.08"]
[EventCountry "GER"]
[SourceTitle "playchess.com"]
[Source "ChessBase"]
[SourceQuality "1"]
[TimeControl "1500+30"]

1. c4 c5 2. d4 b5 3. dxc5 bxc4 4. Nd2 Nf6 5. a4 Ng4 $2 {[%emt 0:04:08] [#]} (5... e6 $15 6. e3 Bxc5 7. Bxc4 O-O) 6. a5 (6. e3 $16 Nf6 7. Nxc4 (7. Bxc4 a5 $14)) 6... h5 7. h4 (7. h3 $14 {keeps the upper hand.} Ne5 8. Ngf3) 7... e5 {[%emt 0:00:00] Black is more active.} ({Black should play} 7... Na6 $17 8. e3 Bb7 (8... Nxc5 9. Bxc4 e6 10. Ngf3 $15)) 8. a6 $2 {[%emt 0:00:00] Weighted Error Value: White=1.05/Black=0.91.  Loses game:     	White=1     	---        Mistake:       	White=1     	Black=1      Inaccurate:     	---       	Black=1} (8. Nxc4 $11 Bxc5 9. Nd6+ Bxd6 10. Qxd6) 0-1

[Event "5th Schach960-Festival 2024"]
[Site "Berlin"]
[Date "2024.02.10"]
[Round "3.3"]
[White "Azarov, Sergei"]
[Black "Glek, Igor"]
[Result "1-0"]
[ECO "B20"]
[WhiteElo "2596"]
[BlackElo "2423"]
[Annotator "TA"]
[PlyCount "22"]
[EventDate "2024.02.08"]
[EventCountry "GER"]
[SourceTitle "playchess.com"]
[Source "ChessBase"]
[SourceQuality "1"]
[TimeControl "1500+30"]

1. e4 c5 2. d3 b5 3. c3 Bb7 4. a4 a6 5. axb5 axb5 {[%emt 0:00:01] [#]} 6. b4 $2 Nf6 $2 {[%emt 0:01:05] [#]} (6... Rxa1 $19 7. Bb2 Ra7 8. bxc5 e6) 7. e5 $2 Ne4 $4 {[%emt 0:00:25][%mdl 8192] [#]} (7... Rxa1 $19 8. Bb2 Ra8 (8... Ra2 $2 9. Qb3 $19) 9. exf6 cxb4 (9... gxf6 $2 10. bxc5 Ra2 11. Qc2 $19)) 8. Qb3 Nd2 $2 (8... Rxa1 9. e6 fxe6) 9. Nxd2 cxb4 $4 {[%emt 0:07:09][%mdl 8192] [#]} (9... Rxa1 $19 10. Qb2 Rxc1+ 11. Qxc1 cxb4) 10. g3 $4 f6 $4 {[%emt 0:01:42][%mdl 8192] [#]} (10... Bxh1 $2 11. Rxa8 Bxa8 12. Qxb4 $19) (10... Rxa1 $19 11. Ne2 Bxh1 12. cxb4 e6) 11. Ra3 $4 Qb6 $4 {[%emt 0:07:44][%mdl 8192] Weighted Error Value: White=3.48/Black=3.95.  Loses game:     	White=1     	---        Missed win:     	White=3     	Black=3      Mistake:       	---       	Black=1} (11... bxa3 $19 {and all is fine.} 12. Ngf3 a2) 1-0

[Event "5th Schach960-Festival 2024"]
[Site "Berlin"]
[Date "2024.02.10"]
[Round "3.4"]
[White "Fromm, Marius"]
[Black "Fridman, Daniel"]
[Result "0-1"]
[WhiteElo "2435"]
[BlackElo "2588"]
[Annotator "TA"]
[PlyCount "13"]
[EventDate "2024.02.08"]
[EventCountry "GER"]
[SourceTitle "playchess.com"]
[Source "ChessBase"]
[SourceQuality "1"]
[TimeControl "1500+30"]

1. d4 Nf6 2. Nf3 d6 3. c3 e5 4. h3 Be6 5. dxe5 dxe5 6. b3 $2 {[%emt 0:03:45] [#]} ({Much weaker is} 6. Nxe5 Bd6 7. Nf3 O-O $14) (6. Qxd8+ $16 {stays on course.} Kxd8 7. Nxe5) 6... Nh5 $2 (6... Qxd1+ $17 7. Kxd1 Ne4) 7. Qxd8+ {[%emt 0:15:15][%mdl 32768] Mistake:       	White=1     	Black=1      Best:        	White=1     	---       . Loss on time!?} ({Don't play} 7. Nxe5 $6 Bd6 8. e4 Bxe5 $11) 0-1

[Event "5th Schach960-Festival 2024"]
[Site "Berlin"]
[Date "2024.02.10"]
[Round "3.5"]
[White "Kunin, Vitaly"]
[Black "Stopa, Jacek"]
[Result "1-0"]
[ECO "D00"]
[WhiteElo "2521"]
[BlackElo "2344"]
[Annotator "RC"]
[PlyCount "37"]
[EventDate "2024.02.08"]
[EventCountry "GER"]
[SourceTitle "playchess.com"]
[Source "ChessBase"]
[SourceQuality "1"]
[TimeControl "1500+30"]

1. d4 d5 2. c3 c6 3. e4 dxe4 4. Qe2 Bg4 5. Nf3 Bxf3 6. Qxf3 e5 7. dxe5 Nf6 8. Bf4 Qc8 9. Bh6 Qd7 10. Qe2 Nh5 11. g3 Nf6 12. c4 c5 13. h4 Nd5 14. a3 b5 15. g4 f5 16. b3 g5 17. b4 bxc4 18. bxc5 Nf4 19. c6 1-0

[Event "5th Schach960-Festival 2024"]
[Site "Berlin"]
[Date "2024.02.10"]
[Round "3.6"]
[White "Trent, Lawrence"]
[Black "Shchekachev, Andrei"]
[Result "1-0"]
[ECO "A31"]
[WhiteElo "2406"]
[BlackElo "2506"]
[Annotator "TA"]
[PlyCount "25"]
[EventDate "2024.02.08"]
[EventCountry "GER"]
[SourceTitle "playchess.com"]
[Source "ChessBase"]
[SourceQuality "1"]
[TimeControl "1500+30"]

1. c4 c5 2. Nf3 Nf6 3. d4 cxd4 4. b3 e6 5. Ba3 d6 $2 (5... Bxa3 $19 6. Nxa3 Qa5+ 7. Qd2 Qxa3 8. Nxd4 Ne4) 6. Bb2 (6. Nxd4 $11 {remains equal.} Be7 7. Nc3) 6... Ne4 (6... e5 $17 {And now ...Nc6 would win.} 7. e3 dxe3 8. fxe3 Qb6) 7. Qc2 {[%emt 0:02:10] [#]} (7. Qxd4 $11 {keeps the balance.} d5 8. cxd5 exd5 9. e3) 7... g6 $2 8. e3 $2 {[%emt 0:02:19] [#]} (8. Qxe4 $18 Bg7 9. Nxd4) 8... e5 $2 9. a4 $2 {[%emt 0:06:13] [#]} ({White has to play} 9. Qxe4 $18 f5 10. Qc2) 9... a6 $2 {[%emt 0:01:12][%mdl 8192] [#]} 10. Nc3 $4 {[%emt 0:01:19][%mdl 8192] [#]} d5 $2 11. exd4 ({Only move:} 11. Nxd5 $16 Nf6 12. Nxe5 (12. exd4 Nxd5 13. cxd5 Bb4+ 14. Bc3 Bf5 $14)) 11... Nf6 (11... Bb4 $11 12. Nxe5 (12. dxe5 d4 $17) 12... O-O) 12. a5 $2 (12. Nxe5 Nc6 $16) (12. dxe5 $18 d4 13. Nxd4) 12... Qe7 (12... Bf5 $11 {and Black has nothing to worry.} 13. Qd2 Nc6) 13. Rd1 $2 {[%emt 0:01:56][%mdl 32768] Weighted Error Value: White=2.53/Black=3.28.  Loses game:     	---       	Black=5      Missed win:     	White=5     	Black=1      Mistake:       	White=2     	Black=1     . Loss on time!?} ({Weaker is} 13. cxd5 exd4+ 14. Kd1 (14. Ne2 Bf5 $11) 14... Qd8 (14... dxc3 15. Qxc3 Nbd7 16. Bc4 $16) 15. Nxd4 Be7 $16) (13. Nxe5 Nc6 14. Nxd5 (14. cxd5 $2 {is the wrong capture.} Nxd4 15. Qd2 Qxe5+ $19) 14... Nxd5 15. cxd5 Nb4 $18) (13. Nxd5 Nxd5 14. cxd5 Bf5 $18) (13. dxe5 $18 Nc6 14. Qe2 (14. Nxd5 Nxd5 15. cxd5 Qb4+ 16. Ke2 Nxa5 $18) (14. cxd5 Nxe5 15. Nxe5 Qxe5+ 16. Qe2 Qxe2+ 17. Bxe2 Bf5 $18)) 1-0

[Event "5th Schach960-Festival 2024"]
[Site "Berlin"]
[Date "2024.02.10"]
[Round "3.7"]
[White "Loew, Gerald"]
[Black "Bluebaum, Matthias"]
[Result "0-1"]
[ECO "D13"]
[WhiteElo "2167"]
[BlackElo "2655"]
[Annotator "TA"]
[PlyCount "22"]
[EventDate "2024.02.08"]
[EventCountry "GER"]
[SourceTitle "playchess.com"]
[Source "ChessBase"]
[SourceQuality "1"]
[TimeControl "1500+30"]

1. c4 c6 2. d4 d5 3. cxd5 cxd5 4. Nf3 Nf6 5. Nbd2 e6 6. a3 Nc6 7. b4 Na5 $2 {[%emt 0:00:45][%mdl 8192] [#]} 8. Nc4 $4 dxc4 (8... Nxc4 $142 9. e3 Bd6) 9. d5 $2 {[%emt 0:02:24] [#]} (9. bxa5 Qxa5+ 10. Qd2) 9... Ke7 $2 10. Kd2 $2 (10. bxa5 $17 Qxa5+ (10... Qxd5 11. Qc2 $17) 11. Bd2) 10... g5 (10... Nb3+ $142 11. Ke1 Nxa1) 11. Kc2 {[%emt 0:00:00] [#]} (11. Ke1 $142 Nb3 12. Bxg5) 11... a6 $2 {[%emt 0:00:00] Weighted Error Value: White=2.57/Black=2.66.  Loses game:     	White=1     	Black=1      Missed win:     	White=1     	Black=1      Mistake:       	White=2     	Black=2      Inaccurate:     	---       	Black=1} 0-1

[Event "5th Schach960-Festival 2024"]
[Site "Berlin"]
[Date "2024.02.10"]
[Round "3.8"]
[White "Orlov, Andrey"]
[Black "Van den Doel, Erik"]
[Result "1/2-1/2"]
[ECO "D02"]
[WhiteElo "2487"]
[BlackElo "2551"]
[Annotator "RC"]
[PlyCount "37"]
[EventDate "2024.02.08"]
[EventCountry "GER"]
[SourceTitle "playchess.com"]
[Source "ChessBase"]
[SourceQuality "1"]
[TimeControl "1500+30"]

1. d4 d5 2. Bf4 Bf5 3. Nf3 e6 4. Qc1 Qc8 5. e3 Be7 6. c3 Nf6 7. Ne5 Bc2 8. Qxc2 Nh5 9. Qe2 Nxf4 10. exf4 O-O 11. h4 c5 12. h5 h6 13. dxc5 Bxc5 14. Rh3 b5 15. a3 a5 16. Qd1 b4 17. axb4 axb4 18. f5 Kh7 19. Re3 1/2-1/2

[Event "5th Schach960-Festival 2024"]
[Site "Berlin"]
[Date "2024.02.10"]
[Round "3.9"]
[White "Zatonskih, Anna"]
[Black "Borgmeyer, Max"]
[Result "1-0"]
[WhiteElo "2347"]
[BlackElo "2213"]
[Annotator "TA"]
[PlyCount "17"]
[EventDate "2024.02.08"]
[EventCountry "GER"]
[SourceTitle "playchess.com"]
[Source "ChessBase"]
[SourceQuality "1"]
[TimeControl "1500+30"]

1. e4 e5 2. Nf3 d6 3. c3 c5 4. d4 cxd4 5. cxd4 b5 $2 {[%emt 0:15:58] [#]} 6. a3 ({Much less strong is} 6. Bxb5+ Bd7 $18) ({White should try} 6. dxe5 $18 {Qd5 would now be deadly.} a6 7. a4) 6... h5 (6... a6 $16) 7. Qd2 (7. dxe5 $18 {is more deadly.} a6 8. Nc3) 7... Qa5 $2 (7... a6 $16) 8. dxe5 $2 (8. Qxa5 Bd7 9. Bxb5) 8... g6 $2 (8... Qxd2+ 9. Bxd2 (9. Nbxd2 Bd7 $18) 9... a6) 9. h4 $2 {[%emt 0:01:35] White took control after the opening.   Weighted Error Value: White=2.42/Black=1.82.  Loses game:     	---       	Black=1      Mistake:       	White=2     	Black=2} (9. Qxa5 Bd7 10. Bxb5 dxe5 11. Nxe5) 1-0

[Event "5th Schach960-Festival 2024"]
[Site "Berlin"]
[Date "2024.02.10"]
[Round "3.10"]
[White "Piz, Maxim"]
[Black "Kurz, Alexander"]
[Result "1-0"]
[ECO "A40"]
[WhiteElo "2149"]
[BlackElo "2292"]
[Annotator "TA"]
[PlyCount "23"]
[EventDate "2024.02.08"]
[EventCountry "GER"]
[SourceTitle "playchess.com"]
[Source "ChessBase"]
[SourceQuality "1"]
[TimeControl "1500+30"]

1. d4 c6 2. d5 e5 3. dxe6 h5 4. b3 Be7 5. a4 Bc5 {[%emt 0:01:02] [#]} (5... dxe6 $14 6. Qxd8+ Bxd8) 6. Qd4 $2 {[%emt 0:00:42][%mdl 8192] Active counter play!} Qe7 $4 (6... Bxd4 $19 {avoids the disaster.} 7. c3 Bf6 8. exf7+ Kxf7) 7. b4 $4 (7. Qxg7 $18 Qf6 8. exf7+ Qxf7 9. Qxh8 (9. Qe5+ Be7 $18) 9... Bxf2+ 10. Kd1 Qd5+ 11. Bd2) 7... b6 $4 (7... Bxd4 $19 8. c3 Bf6 9. exf7+ Qxf7 (9... Kxf7 $2 10. e3 $19)) 8. bxc5 {[%emt 0:04:03] White is clearly winning.} bxc5 (8... fxe6 $142 9. Ba3 (9. cxb6 axb6 10. Nf3 c5 $18) 9... Na6 10. cxb6 c5) 9. Ba3 $2 (9. Qxg7 $18 Qf6 10. exf7+ Qxf7 11. Qxh8) 9... h4 $2 {[%emt 0:03:13][%mdl 8192] [#]} (9... cxd4 $14 10. Bxe7 Nxe7) 10. h3 $2 (10. Qxg7 $18 Qxe6 11. Qxh8) 10... Rh6 $2 (10... cxd4 $14 11. Bxe7 Nxe7) 11. Nf3 $2 (11. Qxg7 $18 {and White stays clearly on top.} Qf8 12. Qxf8+ Kxf8 13. exd7 (13. Bxc5+ Ne7 $18) 13... Nxd7 14. Nc3) 11... cxd4 $16 12. Bc1 $2 {[%emt 0:00:00][%mdl 40960] Weighted Error Value: White=3.28/Black=2.69.  Loses game:     	---       	Black=2      Missed win:     	White=2     	Black=1      Best:        	---       	Black=1     . Loss on time!?} (12. Bxe7 $16 Nxe7 13. exf7+ (13. Nxd4 fxe6 14. e3 Na6 $11) 13... Kxf7 14. Nxd4) 1-0

[Event "5th Schach960-Festival 2024"]
[Site "Berlin"]
[Date "2024.02.10"]
[Round "4.2"]
[White "Dgebuadze, Alexandre"]
[Black "Azarov, Sergei"]
[Result "0-1"]
[ECO "C25"]
[WhiteElo "2441"]
[BlackElo "2596"]
[Annotator "TA"]
[PlyCount "29"]
[EventDate "2024.02.08"]
[EventCountry "GER"]
[SourceTitle "playchess.com"]
[Source "ChessBase"]
[SourceQuality "1"]
[TimeControl "1500+30"]

1. Nc3 e5 2. e4 d6 3. d3 f5 4. exf5 Bxf5 5. Ne4 Be6 (5... Nc6 $142) 6. h4 (6. Ng5 $11 Bf5 7. Qf3) 6... h5 (6... Nc6 $15) 7. Be3 Nd7 {[%emt 0:00:52] [#]} 8. Rh3 $2 b6 {[%emt 0:01:22] [#]} (8... d5 $17 9. Ng5 Bxh3 10. N1xh3 Qf6) 9. Qe2 a5 $2 {[%emt 0:09:36] [#]} (9... Bg4 $1 $15 {stays ahead.} 10. Rf3 d5) 10. a4 Qe7 11. Bc5 $2 b5 $2 (11... bxc5 12. Ng5 $19) (11... Bxh3 12. Qf3 $19) (11... Nxc5 $19 12. Nf3 Bxh3 13. gxh3 Nf6) 12. d4 $2 Nxc5 $2 ({Don't do} 12... Bxh3 13. Nxh3 dxc5 14. dxc5 $19) ({Black should try} 12... dxc5 $19 13. dxc5 Ngf6 (13... Nxc5 14. Rc3 $17)) 13. dxc5 $14 Rc8 $2 {[%emt 0:00:00] [#]} (13... d5 $14) 14. c4 $2 bxc4 $17 {[%emt 0:00:00] White must now prevent ...d5.} ({Of course not} 14... Bxc4 $6 15. Qd2 $11) 15. Rd3 $2 {[%emt 0:00:00][%mdl 8192] Weighted Error Value: White=1.85/Black=1.45.  Loses game:     	White=3     	Black=1      Missed win:     	White=1     	Black=2      Mistake:       	White=3     	Black=3      Inaccurate:     	White=1     	Black=2      Best:        	---       	Black=1} 0-1

[Event "5th Schach960-Festival 2024"]
[Site "Berlin"]
[Date "2024.02.10"]
[Round "4.3"]
[White "Bluebaum, Matthias"]
[Black "Trent, Lawrence"]
[Result "1/2-1/2"]
[ECO "B12"]
[WhiteElo "2655"]
[BlackElo "2406"]
[Annotator "TA"]
[PlyCount "29"]
[EventDate "2024.02.08"]
[EventCountry "GER"]
[SourceTitle "playchess.com"]
[Source "ChessBase"]
[SourceQuality "1"]
[TimeControl "1500+30"]

1. d4 d5 2. e4 c6 3. Bf4 Nd7 4. exd5 cxd5 5. Nc3 Nb6 (5... Qa5 $16) 6. Qe2 $2 (6. Nb5 $1 $18 {[%cal Rb5c7] Nc7+ is the strong threat.} f6 7. Nc7+ Kf7 8. a4) 6... Na4 $2 7. Qe3 $2 ({White should try} 7. Nb5 $18) 7... g5 $2 (7... Nxc3 $1 $14 8. Qxc3 e6) 8. h4 $4 (8. Nxa4 $6 gxf4 9. Qxf4 Bh6 $14) (8. Be5 $18 {avoids the disaster.} f6 9. Nxa4) 8... h5 $4 (8... gxf4 $19 9. Qe5 Nxc3 10. Qxh8 Nf6 11. bxc3 Qa5) 9. Rh3 (9. Bxg5 Nxc3 10. Qxc3 f6 $16) (9. Nxa4 gxf4 10. Qe5 (10. Qxf4 Nf6 $16) 10... Nf6 $14) (9. Be5 $18) 9... e5 (9... Bxh3 10. Nxh3 Nxc3 (10... gxf4 $2 11. Bb5+ $18) 11. hxg5 $16 (11. Bxg5 Qa5 $11) (11. Qxc3 Qb6 $14) (11. bxc3 Bg7 $16)) (9... gxf4 $19 {and all is fine.} 10. Bb5+ Bd7) 10. dxe5 $4 (10. Bxg5 f6 11. Bb5+ Bd7 12. Bxa4 (12. Nxa4 Bxb5 13. Nc3 Bb4 $11) 12... Bxa4 13. Nxa4 Qe7 $18) (10. Bxe5 Nxc3 11. bxc3 (11. Bxh8+ Ne4 $18) 11... Rh7 12. hxg5 Ne7) (10. hxg5 Bxh3 11. Nxh3 (11. Nxa4 Bd7 $18) (11. Bxe5 Nxc3 12. Nxh3 Ne4 $18) 11... Nxc3 $18) (10. Qxe5+ $18 Qe7 11. Nxd5 (11. Bxg5 Qxe5+ 12. dxe5 Nxc3 $18) (11. Bb5+ Bd7 $18) 11... Qxe5+ 12. Bxe5) 10... Nc5 $4 ({And not} 10... Bxh3 11. Nxh3 (11. Bxg5 Qa5 $16) 11... Bc5 (11... gxf4 $2 12. Bb5+ Ke7 13. Qxf4 $18) 12. Qd3 gxf4 13. Qb5+ (13. Nxa4 Qa5+ 14. Nc3 O-O-O $16) 13... Qd7 14. Qxd7+ (14. Qxa4 Qxa4 15. Nxa4 Bd4 $11) (14. Nxa4 Be7 $16) 14... Kxd7 15. Bb5+ (15. Nxa4 Be7 $16) 15... Kc8 (15... Ke6 $2 16. Ng5+ Kxe5 17. Nxa4 $16) 16. Bxa4 $16 (16. Nxa4 Bd4 $16)) (10... gxf4 $19 11. Bb5+ Bd7 12. Qxf4 Bxb5 (12... Nxb2 13. Rf3 $11) 13. Nxb5 Qa5+ (13... Nxb2 14. Kf1 $17) 14. Nc3 Qb4 (14... Nxb2 $2 15. Rb1 $19)) 11. Rf3 $2 {[%emt 0:00:00] [#]} (11. Bxg5 $18 d4 12. Bb5+ Bd7 13. Qxd4) 11... Nd3+ $2 12. cxd3 $2 (12. Bxd3 gxf4 13. Bb5+ (13. Qxf4 Nh6 $18) (13. Rxf4 Bh6 $18) 13... Bd7 14. Qxf4) 12... d4 13. a4 $4 gxh4 $4 {[%emt 0:00:00][%mdl 8192] [#]} (13... dxe3 $19 {and life is good for Black.} 14. Bxe3 gxh4) 14. Ra3 $4 h3 $2 {[%emt 0:00:00] [#]} (14... dxe3 $19 15. Rb3 Be6 16. Rxb7 exf2+ 17. Rxf2 Rb8 18. Rxb8 Qxb8) 15. Ke2 $2 {[%emt 0:05:40][%mdl 40960] Weighted Error Value: White=3.85/Black=3.13.  Loses game:     	White=1     	Black=2      Missed win:     	White=6     	Black=4      Mistake:       	---       	Black=1     . An unexpected result.} 1/2-1/2

[Event "5th Schach960-Festival 2024"]
[Site "Berlin"]
[Date "2024.02.10"]
[Round "4.5"]
[White "Van den Doel, Erik"]
[Black "Fromm, Marius"]
[Result "1/2-1/2"]
[WhiteElo "2551"]
[BlackElo "2435"]
[Annotator "TA"]
[PlyCount "14"]
[EventDate "2024.02.08"]
[EventCountry "GER"]
[SourceTitle "playchess.com"]
[Source "ChessBase"]
[SourceQuality "1"]
[TimeControl "1500+30"]

1. d4 d5 2. e4 e6 3. c3 e5 4. Bf4 Be7 5. Bg3 c6 (5... exd4 $11 6. exd5 Nf6) 6. b3 $2 {[%emt 0:04:32] [#]} (6. Bxe5 $6 Nf6 $11) ({White should try} 6. dxe5 $16 {Nd2 is the strong threat.} dxe4 7. Qxd8+ Bxd8 8. Nd2) 6... b6 $2 (6... exd4 $15 7. exd5 Nf6 (7... Qxd5 8. cxd4 Bb4+ 9. Nd2 $15) (7... cxd5 8. Qxd4 Nc6 9. Qd1 $17) 8. Qxd4 Nxd5 (8... cxd5 9. Bb5+ Nc6 10. Qd3 $15) (8... Qxd5 9. Qxd5 Nxd5 10. Bc4 $15)) 7. Qc1 $2 (7. Bxe5 Nf6) (7. dxe5 $16 {Black must now prevent Nd2.} Nh6 8. exd5 Qxd5 9. Qxd5 cxd5 10. Nd2) 7... h5 {[%emt 0:00:00] Weighted Error Value: White=1.65/Black=1.37.  Mistake:       	White=1     	Black=2} (7... Nf6 $15 {keeps the upper hand.}) 1/2-1/2

[Event "5th Schach960-Festival 2024"]
[Site "Berlin"]
[Date "2024.02.10"]
[Round "4.6"]
[White "Kracht, Raphael"]
[Black "Kollars, Dmitrij"]
[Result "1-0"]
[ECO "B23"]
[WhiteElo "2144"]
[BlackElo "2632"]
[Annotator "TA"]
[PlyCount "29"]
[EventDate "2024.02.08"]
[EventCountry "GER"]
[SourceTitle "playchess.com"]
[Source "ChessBase"]
[SourceQuality "1"]
[TimeControl "1500+30"]

1. e4 c5 2. Nc3 Nc6 3. d3 d6 4. Bf4 e5 5. Bd2 h5 6. Nf3 Bd7 7. Qe2 (7. Be2 $142) 7... Be6 8. b3 {[%emt 0:02:26] The position is equal.} Rb8 9. Nb1 a5 10. a4 Ra8 11. Rg1 Bd7 12. Rh1 Qb8 13. Kd1 Qc8 14. Bxa5 $2 {[%emt 0:00:00][%mdl 8192] [#]} Qc7 $4 15. h4 $4 {[%emt 0:00:00][%mdl 40960] Weighted Error Value: White=0.98/Black=0.30.  Loses game:     	White=1     	---        Missed win:     	White=1     	Black=1      Mistake:       	White=1     	---        Inaccurate:     	White=5     	Black=5      OK:         	White=1     	---       . Loss on time!?} (15. Bxc7 $18 {was the only winning move.} g5 16. h3 (16. Nxg5 Nf6 $18)) 1-0

[Event "5th Schach960-Festival 2024"]
[Site "Berlin"]
[Date "2024.02.10"]
[Round "4.7"]
[White "Elier, Ali"]
[Black "Orlov, Andrey"]
[Result "0-1"]
[WhiteElo "2181"]
[BlackElo "2487"]
[Annotator "TA"]
[PlyCount "15"]
[EventDate "2024.02.08"]
[EventCountry "GER"]
[SourceTitle "playchess.com"]
[Source "ChessBase"]
[SourceQuality "1"]
[TimeControl "1500+30"]

1. e4 c5 2. d4 cxd4 3. e5 d5 4. Nc3 Bg4 5. f4 Nf6 $2 {[%emt 0:05:58] [#]} (5... dxc3 6. Qxg4 cxb2 7. Bxb2 $15) (5... Bxd1 $19 6. Nxd1 e6) 6. Be3 $2 dxe3 $2 (6... Bxd1 7. Nxd1 dxe3 8. exf6 e6 (8... exf6 $2 9. Nf3 $19) (8... Qa5+ $2 9. c3 $19)) 7. Qe2 $2 (7. Nf3 Nc6 8. exf6) 7... g6 (7... Bxe2 $142 8. Ngxe2 Ne4) 8. Qb5+ {[%emt 0:01:07] Weighted Error Value: White=4.00/Black=4.00.  Mistake:       	White=1     	---} 0-1

[Event "5th Schach960-Festival 2024"]
[Site "Berlin"]
[Date "2024.02.10"]
[Round "4.8"]
[White "Shchekachev, Andrei"]
[Black "Modler, Andreas"]
[Result "1-0"]
[ECO "C20"]
[WhiteElo "2506"]
[BlackElo "2232"]
[Annotator "TA"]
[PlyCount "20"]
[EventDate "2024.02.08"]
[EventCountry "GER"]
[SourceTitle "playchess.com"]
[Source "ChessBase"]
[SourceQuality "1"]
[TimeControl "1500+30"]

1. e4 e5 2. c3 Nc6 3. a4 d5 4. d3 Qd7 5. a5 {[%emt 0:04:15] [#]} Nxa5 $2 6. c4 $2 (6. Rxa5 $18 Nf6 7. Nf3) 6... d4 7. Be3 $2 (7. Rxa5 $16 {is forced if you want to stay better.} Bb4+ 8. Bd2 Bxa5 9. Bxa5) 7... b6 $2 (7... dxe3 $19 8. fxe3 Bb4+ 9. Nc3 Nf6) 8. Nf3 $2 c5 $2 ({Black should try} 8... dxe3 $19 9. fxe3 Bb4+ 10. Nc3 Qe7) 9. Bxd4 cxd4 10. h3 {[%emt 0:03:47] [#]} Qg4 $4 {[%emt 0:01:55][%mdl 8192] Weighted Error Value: White=3.08/Black=2.86.  Loses game:     	White=3     	---        Missed win:     	---       	Black=3      Mistake:       	---       	Black=1      Inaccurate:     	White=1     	---} 1-0

[Event "5th Schach960-Festival 2024"]
[Site "Berlin"]
[Date "2024.02.10"]
[Round "4.9"]
[White "Zenker, Ulrich"]
[Black "Chatalbashev, Boris"]
[Result "1-0"]
[ECO "B10"]
[WhiteElo "2115"]
[BlackElo "2457"]
[Annotator "RC"]
[PlyCount "26"]
[EventDate "2024.02.08"]
[EventCountry "GER"]
[SourceTitle "playchess.com"]
[Source "ChessBase"]
[SourceQuality "1"]
[TimeControl "1500+30"]

1. e4 e5 2. d3 c6 3. Nc3 Na6 4. Be3 d5 5. Nxd5 g6 6. c4 Nb4 7. a3 Nxd3+ 8. Ke2 Nxb2 9. Kf3 g5 10. h4 Nxc4 11. a4 Nb2 12. a5 Nc4 13. a6 b6 1-0

[Event "5th Schach960-Festival 2024"]
[Site "Berlin"]
[Date "2024.02.10"]
[Round "4.10"]
[White "Glek, Igor"]
[Black "Artukovic, Adis"]
[Result "1-0"]
[WhiteElo "2423"]
[BlackElo "2057"]
[Annotator "TA"]
[PlyCount "19"]
[EventDate "2024.02.08"]
[EventCountry "GER"]
[SourceTitle "playchess.com"]
[Source "ChessBase"]
[SourceQuality "1"]
[TimeControl "1500+30"]

1. d4 d5 2. Nc3 Nd7 3. Qd3 c6 4. Qg3 h6 5. Qb8 Nc5 $4 {[%emt 0:03:12][%mdl 8192] [#]} (5... Nxb8 $19 6. Bf4 Bf5) 6. dxc5 $4 Nf6 $4 (6... Rxb8 $19 7. Nf3 e5 8. Nxe5 Bxc5) 7. Qg3 $2 (7. Qxa8 g5 8. e4 (8. Qxa7 Bg7 $18)) 7... Rh7 8. Qf3 Qc7 {[%emt 0:01:54] [#]} 9. Bxh6 $4 Be6 $4 {[%emt 0:00:10][%mdl 8192] [#]} ({Don't play} 9... gxh6 10. e3 $15) (9... Rxh6 $19 {avoids the disaster.} 10. h4 Bg4) 10. Qh5 $4 {[%emt 0:07:44][%mdl 40960] Weighted Error Value: White=3.36/Black=2.60.  Missed win:     	White=2     	Black=1      Mistake:       	White=1     	---       . Loss on time!?} 1-0

[Event "5th Schach960-Festival 2024"]
[Site "Berlin"]
[Date "2024.02.10"]
[Round "5.4"]
[White "Kunin, Vitaly"]
[Black "Player, Edmund C"]
[Result "1/2-1/2"]
[WhiteElo "2521"]
[BlackElo "2199"]
[Annotator "TA"]
[PlyCount "19"]
[EventDate "2024.02.08"]
[EventCountry "GER"]
[SourceTitle "playchess.com"]
[Source "ChessBase"]
[SourceQuality "1"]
[TimeControl "1500+30"]

1. Nc3 b5 2. b4 g6 3. f4 f5 4. e3 c5 5. Ne4 cxb4 $2 {[%emt 0:13:54] [#]} (5... fxe4 $19 6. bxc5 e5 7. Bxb5 exf4 (7... Bxc5 $2 8. Ne2 $19)) 6. Qe2 $2 fxe4 7. a4 (7. Bb2 {was called for.} Nf6 8. g4) 7... Kf7 8. Ra3 $2 (8. Qxb5 e6 9. Bb2) 8... Ke6 $2 (8... bxa3 9. axb5 d5 10. Bxa3 Nh6) 9. h4 $2 (9. Rb3) 9... Kf7 10. Rh3 $2 {[%emt 0:01:42][%mdl 32768] Black took control after the opening.   Weighted Error Value: White=3.46/Black=2.42.  Mistake:       	White=4     	Black=1     . An unexpected result.} (10. Ra2) 1/2-1/2